 Dungeon Crawl Stone Soup version 0.29.1-13-g9f3cf754e1 (webtiles) character file.

Game seed: 6852201597048870751

177406 LustLizard the Impassioned (level 17, -10/130 HPs)
             Began as a Merfolk Gladiator on Jan 26, 2023.
             Was an Initiate of Uskayaw.
             Blown up by an orb spider (39 damage)
             ... with an orb of destruction
             ... led by a broodmother
             ... on level 1 of the Spider Nest on Jan 27, 2023.
             The game lasted 01:22:47 (32655 turns).

LustLizard the Impassioned (Merfolk Gladiator)     Turns: 32655, Time: 01:22:47

Health: -10/130    AC: 21    Str: 19    XL:     17   Next: 85%
Magic:  11/20      EV:  9    Int:  8    God:    Uskayaw [......]
Gold:   2819       SH:  0    Dex: 21    Spells: 19/23 levels left

rFire   + + .      SeeInvis +   u - +8 demon blade (protect)
rCold   + . .      Faith    .   k - +2 kite shield
rNeg    + . .      Spirit   .   M - +1 ring mail of the Three Olives {rF+ rC+ Slay+3}
rPois   +          Reflect  .   c - +0 helmet
rElec   +          Harm     .   Z - +2 cloak {rCorr}
rCorr   +          Rampage  .   J - +0 pair of gloves
Will    +....                   I - +0 pair of boots {Stlth+}
Stlth   ++++......              g - amulet of regeneration
HPRegen 1.11/turn               P - ring of Vehumet's Envy {rElec rPois rF+ Dex-2 SInv}
MPRegen 0.17/turn               f - ring of Xyzif {rN+ MP-9 Str+5 Dex+2}

@: under a protective aura, held
A: (nimble swimmer 2), mertail, weak 1
}: 1/15 runes: decaying
a: Renounce Religion


You were on level 1 of the Spider Nest.
You worshipped Uskayaw.
Uskayaw was most pleased with you.
You visited 6 branches of the dungeon, and saw 28 of its levels.
You also visited: Gauntlet, Ice Cave and Volcano.

You collected 3134 gold pieces.
You spent 315 gold pieces at shops.

Inventory:

Hand Weapons
 u - a +8 demon blade of protection (weapon)
 L - a +4 scimitar of flaming
Missiles
 d - 3 throwing nets
 e - a javelin
 r - 42 poisoned darts
 A - 37 boomerangs
 B - 4 silver javelins
 Q - 2 datura-tipped darts
 R - 2 atropa-tipped darts
 Y - 3 curare-tipped darts
Armour
 c - a +0 helmet (worn)
 k - a +2 kite shield (worn)
 y - a +1 cloak of cold resistance
 I - a +0 pair of boots of stealth (worn)
 J - a +0 pair of gloves (worn)
 M - the +1 ring mail of the Three Olives (worn) {rF+ rC+ Slay+3}
   (You took it off an orc on level 7 of the Dungeon)

   Slay:      It affects your accuracy & damage with ranged weapons and melee
   (+3).
   rF:        It protects you from fire.
   rC:        It protects you from cold.
 Z - a +2 cloak of preservation (worn)
Jewellery
 f - the ring of Xyzif (right hand) {rN+ MP-9 Str+5 Dex+2}
   (You found it in an ice cave)

   [ring of positive energy]

   Str:       It affects your strength (+5).
   Dex:       It affects your dexterity (+2).
   rN:        It protects you from negative energy.
   MP:        It affects your magic capacity (-9).
 g - an amulet of regeneration (around neck)
 i - a ring of ice
 q - a ring of flight
 N - an amulet of reflection
 P - the ring of Vehumet's Envy (left hand) {rElec rPois rF+ Dex-2 SInv}
   (You acquired it on level 5 of the Lair of Beasts)

   [ring of protection from fire]

   Dex:       It affects your dexterity (-2).
   rF:        It protects you from fire.
   rElec:     It insulates you from electricity.
   rPois:     It protects you from poison.
   SInv:      It lets you see invisible.
 U - a ring of willpower
Wands
 b - a wand of polymorph (11)
 x - a wand of roots (14)
 z - a wand of flame (29) (quivered)
 O - a wand of mindburst (3)
 V - a wand of acid (26)
 X - a wand of charming (3)
Scrolls
 h - 7 scrolls of teleportation
 l - 6 scrolls of amnesia
 s - 6 scrolls of identify
 v - 4 scrolls of magic mapping
 C - 4 scrolls of blinking
 E - 4 scrolls of immolation
 H - 3 scrolls of butterflies
 S - 4 scrolls of poison
Potions
 a - a potion of ambrosia
 j - 13 potions of curing
 m - 3 potions of attraction
 n - 6 potions of haste
 o - a potion of resistance
 p - 8 potions of mutation
 t - 3 potions of heal wounds
 w - 6 potions of brilliance
 D - 7 potions of might
 G - 2 potions of berserk rage
 K - 3 potions of cancellation
Miscellaneous
 F - a box of beasts
 T - a condenser vane
 W - a tin of tremorstones (2/2)


   Skills:
 + Level 10.8 Fighting
 - Level 3.0(11.4) Short Blades
 + Level 16.8(16.9) Long Blades
 - Level 4.5 Throwing
 - Level 6.0 Armour
 + Level 12.0 Dodging
 + Level 7.8 Stealth
 + Level 11.4 Shields
 - Level 3.8 Spellcasting
 - Level 6.3 Translocations
 - Level 9.1 Transmutations
 - Level 17.1 Invocations
 - Level 7.6 Evocations


You had 19 spell levels left.
You knew the following spells:

 Your Spells              Type           Power      Damage    Failure   Level
a - Wereblood             Tmut           16%        N/A       3%          2
b - Blink                 Tloc           22%        N/A       12%         2

Your spell library contained the following spells:

 Spells                   Type           Power      Damage    Failure   Level
 Beastly Appendage        Tmut           32%        N/A       2%          1
 Apportation              Tloc           22%        N/A       8%          1
 Lesser Beckoning         Tloc           11%        N/A       22%         3
 Spider Form              Tmut/Pois      8%         N/A       43%         3
 Blade Hands              Tmut           8%         N/A       54%         5
 Magic Dart               Conj           4%         1d3       71%         1
 Necrotise                Necr           4%         1d4       71%         1
 Summon Small Mammal      Summ           4%         N/A       71%         1
 Searing Ray              Conj           2%         2d4       83%         2
 Ice Form                 Ice/Tmut       8%         N/A       83%         4
 Manifold Assault         Tloc           11%        N/A       91%         5
 Iskenderun's Mystic Bla  Conj/Tloc      6%         2d4       95%         4
 Confusing Touch          Hex            1%         N/A       97%         3
 Dazzling Flash           Conj/Hex       2%         N/A       97%         3
 Frozen Ramparts          Ice            2%         1d1       97%         3
 Ozocubu's Armour         Ice            1%         N/A       97%         3
 Yara's Violent Unravell  Hex/Tmut       4%         3d4       99%         5
 Animate Armour           Summ/Erth      2%         N/A       100%        4
 Fulminant Prism          Conj/Hex       0%         3d6       100%        4
 Summon Ice Beast         Ice/Summ       1%         N/A       100%        4
 Freezing Cloud           Conj/Ice/Air   0%         6-21      100%        5
 Iron Shot                Conj/Erth      0%         9d1       100%        6
 Simulacrum               Ice/Necr       0%         N/A       100%        6
 Starburst                Conj/Fire      0%         6d3       100%        6
 Enfeeble                 Hex            0%         N/A       100%        7
 Ozocubu's Refrigeration  Ice            0%         4d7       100%        7
 Polar Vortex             Ice            0%         N/A       100%        9


Dungeon Overview and Level Annotations

Branches:
Dungeon (15/15)            Temple (1/1) D:4            Lair (5/5) D:9
  Swamp (4/4) Lair:3       Spider (1/4) Lair:3        Slime (0/5) Lair:4
    Orc (2/2) D:12            Elf (0/3) Orc:2        Vaults (0/5) D:13
 Depths (0/4) D:15          IceCv (visited)         Volcano (visited)
Gauntlet (visited)

Altars:
Ashenzari
Cheibriados
Dithmenos
Elyvilon
Fedhas
Gozag
Hepliaklqana
Kikubaaqudgha
Makhleb
Nemelex Xobeh
Okawaru
Qazlal
Ru
Sif Muna
Trog
Uskayaw
Vehumet
Wu Jian
Xom
Yredelemnul
Zin
The Shining One

Shops:
Orc:2 :*([

Portals:
Abyss: Swamp:2

Annotations:
D:8 3 runed translucent doors, Jingleheimer's ghost, novice OpBe
D:10 exclusion: 2 doors
D:11 exclusion: manticore
Lair:5 1 runed translucent door, retardedninja's ghost, journeyman MiFi
Swamp:2 2 transporters, suomimenusko's ghost, adept NaFi


Innate Abilities, Weirdness & Mutations

((You are very nimble when in or above water. (Stealth+, EV+, Speed+++)))
Your lower body shifts to a powerful aquatic tail in water.
You are weak. (Str -2)


Message History

You slash the broodmother!
The broodmother is moderately wounded.
The orb spider spins a strand of pure energy.
The orb spider pulsates with a strange energy.
The jumping spider pounces on you but does no damage.
You block the jumping spider's attack.
Unknown command.
You stomp with the beat, sending a shockwave through the revellers around you!
The jumping spider is severely wounded.
The broodmother is heavily wounded.
You can no longer stomp with the beat.
The broodmother bites you!! The jumping spider pounces on you.
* * * LOW HITPOINT WARNING * * *
You are caught in a web!
The jumping spider bites you but does no damage.
The broodmother bites you!
* * * LOW HITPOINT WARNING * * *
A spider bursts forth from the wound!
You can now stomp with the beat.
You stomp with the beat, sending a shockwave through the revellers around you!
The tarantella is severely wounded.
You kill the jumping spider!
The jumping spider's corpse disappears in a puff of smoke!
The broodmother is severely wounded.
You can no longer stomp with the beat.
The orb spider weaves a glowing orb of energy.
The tarantella touches you but does no damage.
The broodmother closely misses you.
You can now stomp with the beat.
An orb of destruction comes into view.
You stomp with the beat, sending a shockwave through the revellers around you!
You kill the tarantella!
The tarantella's corpse disappears in a puff of smoke!
The broodmother is almost dead.
You can no longer stomp with the beat.
The orb spider pulsates with a strange energy.
The broodmother bites you but does no damage.
The orb spider weaves a glowing orb of energy.
The orb of destruction hits you!!!
You die...

^..........##.....##
............#......#
.........#.##....###
####.....###......#
...###..###......#####
..^#.####.#.......s.(#
......##..#..s*.....##..
.....###..##.........$..
.....##...##...§@......#
...........##...○s....##
............#....○....#
.....<>.....#....s....#
..#........##........##
###.......####......## #
####...## ##.$..## #
##..# .....# # #.##
##.##


You could see a broodmother and 3 orb spiders.

Vanquished Creatures
  Nikola (Swamp:2)
  A lich (IceCv)
  Kirke (Swamp:2)
  A fire giant (D:13)
  A fenstrider witch (Swamp:1)
  An azure jelly (Swamp:4)
  An emperor scorpion (Spider:1)
  A frost giant (D:13)
  Aizul (Swamp:1)
  A ghost moth (Spider:1)
  2 ghouls (Swamp:2)
  Nessos (D:13)
  2 eleionomae
  An entropy weaver (Gauntlet)
  4 bunyips
  A minotaur (Gauntlet)
  Josephine (D:13)
  A great orb of eyes (D:13)
  Fannar (Lair:3)
  2 boulder beetles
  An ogre mage (D:15)
  8 vault guards (D:13)
  2 caustic shrike simulacra (IceCv)
  A radroach (Spider:1)
  2 ghost crabs
  3 ice dragons (Swamp:4)
  12 hydras
  3 two-headed ogres (D:15)
  Erica (D:9)
  A catoblepas (Lair:5)
  3 alligators (Swamp:4)
  A centaur warrior (D:13)
  2 tengu warriors
  3 death yaks (Lair:5)
  2 orc high priests (Orc:2)
  A hell knight (Volcano)
  A salamander mystic (Volcano)
  A pharaoh ant (Spider:1)
  3 goliath frogs
  A fire crab (Gauntlet)
  11 bog bodies
  2 steelbarb worms (Spider:1)
  6 swamp dragons
  2 spriggan simulacra (IceCv)
  6 spriggan druids
  An obsidian statue (IceCv)
  A wizard (D:15)
  7 orc knights
  A lindwurm (Lair:4)
  2 large abominations (Gauntlet)
  3 necromancers
  10 orc sorcerers
  3 deep elf pyromancers
  A wolf spider (shapeshifter) (D:14)
  4 ugly things (D:14)
  A shining eye (shapeshifter) (D:13)
  4 salamanders (Volcano)
  2 wolf spiders
  4 manticores
  8 cyclopes
  5 will-o-the-wisps
  4 black mambas
  4 molten gargoyles (Volcano)
  3 gargoyles
  A centaur skeleton (D:15)
  11 cane toads
  7 torpor snails
  3 rime drakes
  A demonic crawler (Spider:1)
  17 freezing wraiths
  3 efreet
  8 komodo dragons
  2 ice devils (IceCv)
  3 golden dragon simulacra (IceCv)
  3 tengu conjurers
  2 anaconda simulacra (IceCv)
  A bloated husk (Swamp:4)
  4 meliai
  7 polar bears
  7 trolls
  9 tyrant leeches
  17 hornets
  A wolf spider simulacrum (D:15)
  A raiju (Gauntlet)
  Prince Ribbit (D:9)
  6 blink frogs
  A tarantella (Spider:1)
  18 slime creatures
  13 dream sheep
  7 jumping spiders
  3 dire elephant simulacra (IceCv)
  A centaur simulacrum (D:15)
  2 shadows
  2 vampires
  5 wraiths
  24 spriggans
  A fire elemental (D:11)
  A culicivora (Spider:1)
  67 yaks
  3 fire bats (Gauntlet)
  3 wyverns
  2 chaos spawn (Gauntlet)
  3 hogs (Swamp:2)
  4 wargs
  4 swamp worm simulacra (Swamp:4)
  A neqoxec (Gauntlet)
  2 minotaur simulacra (IceCv)
  A redback (Spider:1)
  A steam dragon (D:10)
  Menkaure (D:5)
  13 vampire mosquitoes
  4 harpy simulacra (IceCv)
  18 hydra simulacra
  9 water moccasins
  13 swamp worms
  3 acid dragons
  An ettin simulacrum (IceCv)
  34 orc warriors
  6 black bears
  2 ice beasts
  14 ogres
  3 swamp drakes (Swamp:1)
  7 alligator simulacra (IceCv)
  5 boggarts (Lair:5)
  3 centaurs
  22 wolves
  3 kobold brigands (D:12)
  8 bullfrogs
  4 scorpions
  3 necrophages
  4 gnoll sergeants
  Blork the orc (D:4)
  3 small abominations (Gauntlet)
  5 wights (D:8)
  9 killer bees
  2 lindwurm simulacra (IceCv)
  3 howler monkeys (D:12)
  4 electric eels
  A lava snake (D:11)
  Crazy Yiuf (D:7)
  A gnoll bouda (D:8)
  3 jellies
  11 orc priests
  2 hounds (D:6)
  5 iguanas
  4 hell rats (Lair:1)
  Jessica (D:3)
  Natasha (thrice) (D:3)
  12 orc wizards
  2 lightning spires (Gauntlet)
  16 gnolls
  7 adders
  A shadow imp (D:8)
  A white imp (D:6)
  2 ufetubi
  4 swamp drake simulacra (Swamp:4)
  2 worms
  A dart slug (D:3)
  66 orcs
  6 bats
  8 endoplasms
  8 goblins
  7 hobgoblins
  3 jackals (D:5)
  6 kobolds
  9 quokkas
  11 ball pythons
  4 frilled lizards
  4 rats
  2 butterflies
878 creatures vanquished.

Vanquished Creatures (others)
  A spriggan (Swamp:4)
  A tyrant leech (Swamp:2)
  A bloated husk (Swamp:1)
  A hornet (Swamp:4)
  A swamp worm (Swamp:4)
  A demonic plant (Gauntlet)
  12 foxfires
  32 fungi
  57 plants
  A withered plant (D:9)
108 creatures vanquished.

Grand Total: 986 creatures vanquished

Notes
Turn   | Place    | Note
-------+----------+-------------------------------------------
     0 | D:1      | LustLizard the Merfolk Gladiator began the quest for the
                  | Orb.
     0 | D:1      | Reached XP level 1. HP: 16/16 MP: 1/1
   153 | D:1      | Found a faded altar of an unknown god.
   310 | D:1      | Reached XP level 2. HP: 23/23 MP: 2/2
   780 | D:2      | Reached skill level 1 in Stealth
   833 | D:2      | Reached XP level 3. HP: 27/28 MP: 3/3
   933 | D:2      | Reached XP level 4. HP: 25/34 MP: 4/4
  1543 | D:3      | Noticed Natasha
  1552 | D:3      | Reached skill level 5 in Long Blades
  1557 | D:3      | Killed Natasha
  1558 | D:3      | Reached XP level 5. HP: 11/41 MP: 5/5
  1559 | D:3      | Noticed Natasha
  1559 | D:3      | Noticed Jessica
  1565 | D:2      | HP: 1/41 [quokka (2)]
  1570 | D:2      | HP: 1/41 [ball python (2)]
  1782 | D:3      | Killed Natasha
  1839 | D:3      | Killed Jessica
  1930 | D:3      | Noticed Natasha
  1955 | D:3      | Killed Natasha
  2106 | D:3      | Found a shimmering altar of Xom.
  2161 | D:3      | Reached XP level 6. HP: 47/47 MP: 6/6
  2358 | D:4      | Noticed Blork the orc
  2368 | D:4      | Killed Blork the orc
  2751 | D:4      | Found a staircase to the Ecumenical Temple.
  2782 | Temple   | Entered the Ecumenical Temple
  2889 | Temple   | Became a worshipper of Uskayaw the Reveller
  2956 | D:4      | Reached * piety under Uskayaw
  2965 | D:4      | Reached ** piety under Uskayaw
  2968 | D:4      | Reached XP level 7. HP: 28/54 MP: 7/7
  3551 | D:5      | Entered Level 5 of the Dungeon
  4019 | D:5      | Noticed Menkaure
  4067 | D:5      | Reached XP level 8. HP: 56/61 MP: 8/8
  4554 | D:5      | Found an opulent altar of Gozag.
  4554 | D:5      | Found a sparkling altar of Nemelex Xobeh.
  5034 | D:6      | Reached skill level 5 in Fighting
  5235 | D:6      | Reached *** piety under Uskayaw
  5237 | D:6      | Reached skill level 1 in Invocations
  5572 | D:6      | Reached skill level 2 in Invocations
  6050 | D:7      | Reached skill level 3 in Invocations
  6095 | D:7      | Found a bloodstained altar of Trog.
  6146 | D:7      | Reached skill level 5 in Dodging
  6190 | D:7      | Reached XP level 9. HP: 56/69 MP: 11/11
  6429 | D:7      | Identified the +1 ring mail of the Three Olives {rF+ rC+
                  | Slay+3}
  6858 | D:7      | Found a runed translucent door.
  6859 | D:7      | Noticed Crazy Yiuf
  7024 | D:5      | Killed Menkaure
  7025 | D:5      | Reached skill level 4 in Invocations
  7204 | D:7      | Reached skill level 5 in Invocations
  7211 | D:7      | Reached **** piety under Uskayaw
  7212 | D:7      | Reached skill level 10 in Long Blades
  7357 | D:8      | Reached skill level 6 in Invocations
  7358 | D:8      | Reached ***** piety under Uskayaw
  7370 | D:8      | Reached XP level 10. HP: 71/77 MP: 7/14
  7522 | D:8      | Reached skill level 7 in Invocations
  7585 | D:8      | Learned a level 2 spell: Wereblood
  7739 | D:8      | Reached skill level 1 in Transmutations
  7900 | D:8      | Learned a level 2 spell: Blink
  7933 | D:8      | Found a runed translucent gate.
  7933 | D:8      | Found a runed translucent gate.
  7933 | D:8      | Found a runed translucent gate.
  7933 | D:8      | Noticed a ten-headed hydra
  7933 | D:8      | Noticed Jingleheimer's ghost (novice OpBe)
  7996 | D:8      | Found a glowing golden altar of the Shining One.
  8247 | D:9      | Reached skill level 1 in Translocations
  8248 | D:9      | Reached skill level 8 in Invocations
  8298 | D:9      | Noticed Prince Ribbit
  8301 | D:9      | Killed Prince Ribbit
  8409 | D:9      | Reached XP level 11. HP: 81/85 MP: 17/17
  8459 | D:9      | Found a basalt altar of Yredelemnul.
  8498 | D:9      | Identified the +0 leather armour "Tollylomil" {Rampage
                  | +Blink Dex+4}
  8556 | D:9      | Found a snail-covered altar of Cheibriados.
  8604 | D:9      | Found a staircase to the Lair.
  8667 | D:9      | Noticed Erica
  8678 | D:9      | Killed Erica
  8679 | D:9      | Reached skill level 9 in Invocations
  9063 | D:10     | Entered Level 10 of the Dungeon
  9955 | D:11     | Reached skill level 5 in Transmutations
 10305 | D:11     | Noticed a manticore
 10472 | D:11     | Paralysed by a hornet for 3 turns
 10554 | D:11     | Reached XP level 12. HP: 91/94 MP: 19/19
 10570 | D:11     | Identified the +11 quarterstaff of the Bear {elec, Str+6}
 11047 | D:11     | Reached skill level 10 in Invocations
 11720 | D:12     | Reached skill level 10 in Dodging
 11927 | D:12     | Found a staircase to the Orcish Mines.
 12219 | D:12     | Reached skill level 11 in Invocations
 12778 | D:13     | Noticed a five-headed hydra
 12968 | D:7      | Killed Crazy Yiuf
 12969 | D:7      | Reached skill level 1 in Armour
 13061 | Lair:1   | Entered Level 1 of the Lair of Beasts
 13250 | Lair:1   | Noticed a five-headed hydra
 13261 | Lair:1   | Killed a one-headed hydra
 13262 | Lair:1   | Reached XP level 13. HP: 97/101 MP: 21/21
 13535 | Lair:1   | Reached skill level 15 in Long Blades
 13748 | Lair:1   | Reached skill level 12 in Invocations
 14547 | Lair:2   | Reached skill level 1 in Evocations
 15112 | Lair:3   | Found a snail-covered altar of Cheibriados.
 15276 | Lair:3   | Found a dark tunnel.
 15286 | Volcano  | Entered a volcano
 15667 | Volcano  | Noticed an orb of fire
 15700 | Volcano  | Reached skill level 13 in Invocations
 15827 | Volcano  | Noticed an orb of fire
 16389 | Lair:3   | You fall into a shaft and drop 2 floors!
 16389 | Lair:5   | Entered Level 5 of the Lair of Beasts
 16623 | Lair:3   | Found a hole to the Spider Nest.
 16678 | Lair:3   | Found a staircase to the Swamp.
 16715 | Lair:3   | Noticed Fannar
 16826 | Lair:3   | Reached XP level 14. HP: 108/108 MP: 24/24
 16881 | Lair:3   | Killed Fannar
 17540 | D:13     | Reached skill level 14 in Invocations
 18158 | Lair:4   | Reached skill level 1 in Shields
 18347 | Lair:4   | Found a staircase to the Slime Pits.
 18756 | Lair:5   | Reached ****** piety under Uskayaw
 18767 | Lair:5   | Reached skill level 5 in Evocations
 18939 | Lair:5   | Identified a scroll of acquirement
 18939 | Lair:5   | Acquired the ring of Vehumet's Envy {rElec rPois rF+ Dex-2
                  | SInv}
 19097 | Lair:5   | Found a runed translucent door.
 19097 | Lair:5   | Found a shimmering altar of Xom.
 19097 | Lair:5   | Noticed retardedninja's ghost (journeyman MiFi)
 19530 | Lair:5   | Reached skill level 5 in Armour
 19619 | Lair:5   | Identified the +11 falchion of Armageddon {vorpal, Int-4
                  | Dex+7}
 19731 | Lair:5   | Identified the +5 short sword of Thoughtfulness {venom, rC+
                  | Int+2 Dex+8}
 19856 | Lair:5   | Reached skill level 15 in Invocations
 19897 | Lair:5   | Reached skill level 5 in Shields
 20212 | D:13     | Paralysed by a great orb of eyes for 2 turns
 20279 | D:13     | You fall into a shaft and drop 2 floors!
 20279 | D:15     | Entered Level 15 of the Dungeon
 20279 | D:15     | Found a shadowy altar of Dithmenos.
 20375 | D:15     | Found a radiant altar of Vehumet.
 20883 | D:15     | Reached XP level 15. HP: 105/113 MP: 26/26
 20909 | D:15     | Found a staircase to the Depths.
 21478 | D:14     | Found a frozen archway.
 21565 | IceCv    | Entered an ice cave
 22128 | IceCv    | Found an ancient bone altar of Kikubaaqudgha.
 22334 | IceCv    | Reached skill level 16 in Invocations
 22343 | IceCv    | Noticed a lich
 22350 | IceCv    | Killed a lich
 22424 | IceCv    | HP: 3/113 [caustic shrike simulacrum (12)]
 23183 | IceCv    | Identified the ring of Xyzif {rN+ MP-9 Str+5 Dex+2}
 23578 | D:14     | Identified the +7 long sword "Fesor" {vorpal, rF+}
 23692 | D:14     | Identified the +5 whip "Xotiuh" {pain, rF+}
 24492 | D:13     | Noticed Nessos
 24522 | D:13     | Killed Nessos
 24523 | D:13     | Reached XP level 16. HP: 60/120 MP: 13/28
 24629 | D:13     | Found a gate to the Vaults.
 24653 | D:13     | Noticed Josephine
 24669 | D:13     | Killed Josephine
 24672 | D:13     | Reached skill level 1 in Spellcasting
 24829 | D:13     | Gained mutation: You are weak. (Str -2) [a shining eye]
 24834 | D:13     | Reached skill level 17 in Invocations
 25120 | Orc:1    | Entered Level 1 of the Orcish Mines
 25417 | Orc:2    | Entered Level 2 of the Orcish Mines
 25486 | Orc:2    | Found a gate leading to a gauntlet.
 25496 | Orc:2    | Found a staircase to the Elven Halls.
 25512 | Orc:2    | Found Aruapreph's Book Emporium.
 25627 | Gauntlet | Entered a Gauntlet
 25627 | Gauntlet | Found a transporter.
 25653 | Gauntlet | Found a transporter.
 25654 | Gauntlet | Found a transporter.
 25659 | Gauntlet | Found a transporter.
 25665 | Gauntlet | Found a transporter.
 25669 | Gauntlet | Found a transporter.
 25674 | Gauntlet | Found a transporter.
 25682 | Gauntlet | Found a transporter.
 25686 | Gauntlet | Found a transporter.
 25694 | Gauntlet | Found a transporter.
 25700 | Gauntlet | Found a transporter.
 25703 | Gauntlet | Found a transporter.
 25716 | Gauntlet | Found a transporter.
 25732 | Gauntlet | Found a transporter.
 26212 | Gauntlet | Reached skill level 1 in Short Blades
 26271 | Gauntlet | Reached skill level 5 in Stealth
 26328 | Orc:2    | Found Inedaonun's General Store.
 26422 | Orc:1    | HP: 5/120 [orc warlord/+0 great sword of flaming (3)]
 26795 | Orc:2    | Found Qaufan's Antique Armour Shoppe.
 26951 | Orc:2    | Bought a distressingly furry leather armour for 189 gold
                  | pieces
 26951 | Orc:2    | Identified the +2 leather armour of the Robin {Fly rF++
                  | rC+++ Will-} (You bought it in a shop on level 2 of the
                  | Orcish Mines)
 26985 | Orc:2    | Found Qyluujer's Antique Weapon Shop.
 27024 | Orc:2    | Reached skill level 5 in Translocations
 27178 | Orc:2    | Paralysed by an orc sorcerer for 3 turns
 27632 | Orc:2    | Bought a +0 pair of boots of stealth for 126 gold pieces
 27903 | Swamp:1  | Entered Level 1 of the Swamp
 27917 | Swamp:1  | Noticed Aizul
 27931 | Swamp:1  | Killed Aizul
 27932 | Swamp:1  | Reached skill level 10 in Shields
 28030 | Swamp:1  | Found the +5 demon whip "Spellbinder" {antimagic, Will+}
 28814 | Swamp:1  | Noticed a fenstrider witch
 28822 | Swamp:1  | Killed a fenstrider witch
 28922 | Swamp:2  | Reached XP level 17. HP: 113/127 MP: 20/29
 28988 | Swamp:2  | Noticed a profane servitor
 28993 | Swamp:2  | Found a one-way gate to the infinite horrors of the Abyss.
 28993 | Swamp:2  | Noticed suomimenusko's ghost (adept NaFi)
 29177 | Swamp:2  | Reached skill level 10 in Fighting
 29429 | Swamp:2  | Noticed Kirke
 29433 | Swamp:2  | Noticed Nikola
 29671 | Swamp:2  | Noticed a sphinx
 29671 | Swamp:2  | Killed Kirke
 29760 | Swamp:2  | Found a transporter.
 29761 | Swamp:2  | Found a transporter.
 29894 | Swamp:2  | Killed Nikola
 30595 | Swamp:4  | Entered Level 4 of the Swamp
 30978 | Swamp:4  | Identified the +1 chain mail of the Oily Lizard {rElec
                  | Int+3}
 30984 | Swamp:4  | Identified the +5 short sword of the Singing Moth {vorpal,
                  | rCorr}
 31441 | Swamp:4  | Got a decaying rune of Zot
 31805 | Spider:1 | Entered Level 1 of the Spider Nest
 32655 | Spider:1 | Blown up by an orb spider

Illustrated notes

Levels and vault maps discovered:
D:1:      dpeg_arrival_chambers_temple_mockup, layout_basic,
          shapermc_ecumenical_altar_gd
D:2:      layout_rooms, serial_bayou, serial_bayou_pond_e,
          serial_bayou_lagoon_a, serial_bayou_shore_b, serial_bayou_lagoon_b
D:3:      layout_rooms, xom_butterflies, st_stairs_9, uniq_jessica, uniq_natasha
D:4:      layout_basic, temple_hall, uniq_blork_the_orc
D:5:      layout_layer_cave, grunt_temple_overflow_opulence, uniq_menkaure
D:6:      layout_layer_cave
D:7:      layout_basic, lemuel_doored_altar, uniq_crazy_yiuf_cottage
D:8:      layout_cave_pools, lemuel_round_altar, gammafunk_ghost_hydra_chop,
          kennysheep_generic_room_12
D:9:      layout_basic, cheibrodos_worm_habitat, yredelemnul_altar_generic,
          lair_entry_dummy, hangedman_decor_points, uniq_erica,
          uniq_prince_ribbit1
D:10:     layout_roguey
D:11:     layout_stronghold, kennysheep_decorative_pillar
D:12:     layout_basic, kennysheep_orc_monster_closet_entryway, special_room
          [special_room_orc], serial_bayou_pond_b
D:13:     minmay_glassy_protrusions, layout_irregular_city, erik_vaults_2,
          uniq_nessos, uniq_josephine
D:14:     layout_basic, kennysheep_big_empty_room,
          portal_ice_cave_entry_pillars_four, serial_corexii_hall,
          chequers_hall_statues_wall_a, corexii_hall_statues_l,
          chequers_hall_statues_corner_a, corexii_hall_statues_i,
          chequers_hall_statues_wall_a, chequers_hall_statues_corner_a
D:15:     grunt_enter_depths_magical_seal, layout_loops_ring,
          nicolae_vehumet_altar_sigil, nicolae_dithmenos_the_darkroom
Temple:   regret_index_temple_waves
Lair:1:   layout_chaotic_city, eino_small_chamber_without_monster
Lair:2:   layout_cave_pods, serial_bayou, serial_bayou_shore_a,
          serial_bayou_lake_a, serial_bayou_shore_b, serial_bayou_pond_a,
          serial_bayou_pond_e, serial_bayou_crossing,
          dreamdust_mushroom_princess
Lair:3:   layout_chaotic_city, minmay_swamp_entry_swarm,
          hellmonk_spider_entry_not_the_bees, lightli_volcano_entry_magma_tube,
          st_stairs_4, kennysheep_snail_temple, uniq_fannar
Lair:4:   layout_big_grid, dpeg_slime_entry_enclosed, infiniplex_staircase_pool
Lair:5:   minmay_lair_end_enchanted_forest, layout_loops_ring,
          ebering_ghost_xom, lemuel_fruit_fields, grunt_megastairs_2,
          lemuel_fruit_fields
Swamp:1:  nicolae_swamp_standing_stones, layout_basic_swamp,
          hangedman_swamp_ruin_wall, swamp_pool5, uniq_aizul
Swamp:2:  layout_basic_swamp, gammafunk_ghost_abyssal_escape,
          evilmike_swamp_ruin_house_4, uniq_kirke, uniq_nikola
Swamp:3:  layout_falls_marsh, hangedman_swamp_lotus
Swamp:4:  swamp_icy, layout_basic_swamp, swamp_pool1
Spider:1: layout_spider_delve
Orc:1:    layout_diamond_mine
Orc:2:    grunt_orc_gardens, layout_caves, grunt_orc_garden, grunt_orc_garden,
          grunt_orc_garden, grunt_orc_garden, gauntlet_entry_generic

Skill      XL: |  1  2  3  4  5  6  7  8  9 10 11 12 13 14 15 16 17 |
---------------+----------------------------------------------------+-----
Long Blades    | 4 5 6 7 9 10 12 13 14 16 | 16.8
Stealth        | 1 2 3 4 6 7 |  7.8
Fighting       | 3 4 5 6 7 8 9 10 | 10.8
Throwing       | 3 4 |  4.5
Invocations    | 3 6 8 9 11 13 15 16 17 | 17.1
Dodging        | 5 6 7 9 10 12 | 12.0
Transmutations | 2 5 8 9 |  9.1
Translocations | 1 3 4 5 6 |  6.3
Armour         | 1 3 5 6 |  6.0
Evocations     | 3 6 7 |  7.6
Shields        | 5 9 10 11 | 11.4
Spellcasting   | 3 |  3.8
Short Blades   | 3 |  3.0

Action                   |  1- 3 |  4- 6 |  7- 9 | 10-12 | 13-15 | 16-18 || total
-------------------------+-------+-------+-------+-------+-------+-------++-------
Melee: Long sword        |    77 |   170 |   315 |       |       |       ||   562
       Punch             |     3 |     2 |     6 |       |     2 |       ||    13
       Tailslap          |     1 |       |       |       |    17 |    40 ||    58
       Great sword       |       |       |       |   486 |   179 |       ||   665
       Scimitar          |       |       |       |     5 |    16 |    50 ||    71
       Demon blade       |       |       |       |       |   916 |   917 ||  1833
       Unarmed           |       |       |       |       |       |     4 ||     4
Throw: Stone             |       |    10 |    36 |     2 |       |       ||    48
       Dart              |       |     4 |     1 |     3 |       |       ||     8
       Boomerang         |       |       |       |    15 |     1 |     9 ||    25
Invok: Stomp             |       |       |     7 |     5 |    20 |    52 ||    84
       Line Pass         |       |       |     1 |     1 |       |       ||     2
       Grand Finale      |       |       |       |       |     2 |       ||     2
Evoke: Wand              |       |       |     3 |       |    36 |     5 ||    44
  Use: Scroll            |       |     5 |     2 |    12 |    22 |     7 ||    48
       Potion            |       |       |       |       |     5 |     3 ||     8
 Stab: Sleeping          |     3 |     2 |     3 |     4 |     5 |    10 ||    27
       Paralysed         |       |       |     7 |    40 |    70 |    80 ||   197
       Distracted        |       |       |     2 |     1 |     2 |     4 ||     9
       Confused          |       |       |     1 |       |       |       ||     1
       Petrifying        |       |       |       |       |     2 |     1 ||     3
       Invisible         |       |       |       |       |     2 |     2 ||     4
Armor: Leather armour    |    31 |     1 |       |       |       |       ||    32
       Ring mail         |       |    44 |   108 |    99 |   281 |   245 ||   777
Dodge: Dodged            |    72 |   115 |   218 |   336 |   557 |   471 ||  1769
Block: Buckler           |       |       |       |       |    77 |       ||    77
       Kite shield       |       |       |       |       |   208 |   551 ||   759
